 Dungeon Crawl Stone Soup version 0.31-a0-152-g6aa68a64a1 (webtiles) character file.

Game seed: 12071663537935063325

154 qw the Chopper (level 5, -7/32 HPs)
             Began as a Gargoyle Fighter on June 10, 2023.
             Mangled by an ogre
             ... wielding a +0 giant club
              (21 damage)
             ... on level 3 of the Dungeon.
             The game lasted 00:01:31 (2068 turns).

qw the Chopper (Gargoyle Fighter)                   Turns: 2068, Time: 00:01:32

Health: -7/32      AC: 13    Str: 24 (27) XL:     5   Next: 35%
Magic:  5/5        EV:  8    Int:  7 (9)  God:
Gold:   143        SH:  4    Dex:  8 (9)  Spells: 4/4 levels left

rFire   . . .        Y - +0 war axe
rCold   . . .        c - +0 buckler
rNeg    + . .        l - +0 chain mail
rPois   inf          (no helmet)
rElec   +            (no cloak)
rCorr   .            (no gloves)
SInv    .            (no boots)
Will    .....        (no amulet) Stlth
                     h - +6 ring of strength
HPRegen 0.25/turn    (no ring)
MPRegen 0.09/turn

%: no passive effects
@: brilliant
A: sickness immunity, AC +4, negative energy resistance 1, electricity
resistance, torment resistance 1, petrification resistance
a: no special abilities


You were on level 3 of the Dungeon.
You visited 1 branch of the dungeon, and saw 4 of its levels.

You collected 143 gold pieces.


Innate Abilities, Weirdness & Mutations

You are immune to sickness and miasma.
Your stone body is resilient. (AC +4)
You are immune to poison.
You resist negative energy. (rN+)
You are resistant to electric shocks. (rElec)
You are resistant to unholy torment.
You are immune to petrification.


   Skills:
 - Level 3.2 Fighting
 + Level 4.9 Axes
 - Level 3.2 Armour
 - Level 3.2 Shields


You had 4 spell levels left.
You didn't know any spells.
Your spell library was empty.

Inventory:

Hand Weapons
 j - a +0 flail
 Y - a +0 war axe (weapon)
Armour
 c - a +0 buckler (worn)
 l - a +0 chain mail (worn)
Jewellery
 h - a +6 ring of strength (left hand)
Potions
 d - 2 potions of might
 f - a potion of mutation {unknown}
 i - a potion of cancellation {unknown}
 k - a potion of magic {unknown}

Dungeon Overview and Level Annotations

Branches:
Dungeon (4/15)
 Temple: D:4-7

Altars:
Cheibriados
Fedhas
Hepliaklqana
Trog
Zin


Message History

(D) Dungeon
Where to? (* - list waypoints, Enter - D:3, ? - help)
What level of the Dungeon? (default 1, ? - help)
There is a stone staircase leading up here.
There is an escape hatch in the ceiling here.
There is a stone staircase leading down here.
You climb downwards.
The ogre shouts!
The goblin shouts!
Found 2 smoky silvery potions.
Found a stone staircase leading down.
There is a stone staircase leading up here.
There are monsters nearby!
Waypoint 3 assigned to D:4.
You slash the goblin!
You kill the goblin!
You slash the ogre!
The ogre is moderately wounded.
The ogre barely misses you.
You hit the ogre.
The ogre is heavily wounded.
The ogre hits you with a +0 giant club!!
Ouch! That really hurt!
2066 ||| STAIRDANCE You climb upwards.
There is a stone staircase leading down here.
Enter note:
Enter note:
Enter note:
Enter note:
Enter note:
Enter note:
Enter note:
Enter note:
Enter note:
Enter note:
Enter note:
Enter note: You hit the ogre but do no damage.
The ogre is heavily wounded.
The ogre hits you with a +0 giant club!!
Ouch! That really hurt!
You die...

.....#..###......(.........##.##.
.......## #..........##....##.##.
......#####..........##....##.#..
....#......................##.#..
.#...................#...####....
............#.......#....## #..##
....#####.................###..##
....# #.###........##.#........
.(..# ###.##..#O@###.##.####).###
....###...##.##.## #..........##
....##..####....# ###).#....).#
....#..## ####.# #.##.(..#%##
###.#.## ###.# #.##...##... #.#.#
#...# #.#....###.. ###...# #.###
##.....## ##. .....##
##.#######<....######. .....#
#....#........## #....


You could see an ogre.

Vanquished Creatures
  A howler monkey (D:3)
  3 adders
  2 dart slugs
  2 orcs (D:3)
  6 endoplasms
  3 giant cockroaches
  5 goblins
  8 hobgoblins
  4 jackals
  5 kobolds
  9 quokkas
  11 ball pythons
  9 bats
  3 frilled lizards
  6 rats
77 creatures vanquished.

Notes
Turn   | Place    | Note
-------+----------+-------------------------------------------
     0 | D:1      | qw the Gargoyle Fighter began the quest for the Orb.
     0 | D:1      | Reached XP level 1. HP: 14/14 MP: 1/1
     0 | D:1      | 0 ||| qw: Version: 0.2-a-29-g67ad517
     0 | D:1      | 0 ||| qw: Game counter: 3931
     0 | D:1      | 0 ||| qw: Always use a shield: true
     0 | D:1      | 0 ||| qw: God list: Okawaru
     0 | D:1      | 0 ||| qw: Allow faded altars: false
     0 | D:1      | 0 ||| qw: Do Orc after D:15 true
     0 | D:1      | 0 ||| qw: Do second Lair branch before Depths: true
     0 | D:1      | 0 ||| qw: Lair rune preference: random
     0 | D:1      | 0 ||| qw: Plans: Normal, Zot:1-4, Slime:5, God:TSO, Crypt,
                  | Tomb, Abyss, Pan, Hells, Win
     0 | D:1      | 0 ||| PLANNING D:1-11
    47 | D:1      | Reached skill level 2 in Axes
   131 | D:1      | Reached XP level 2. HP: 19/19 MP: 2/2
   239 | D:1      | 239 ||| Stepping ~*~*~tactically~*~*~ (hiding).
   456 | D:1      | 456 ||| Stepping ~*~*~tactically~*~*~ (stealth).
   461 | D:1      | Reached skill level 3 in Axes
   523 | D:1      | Reached XP level 3. HP: 23/23 MP: 3/3
   572 | D:1      | 572 ||| Stepping ~*~*~tactically~*~*~ (hiding).
   799 | D:1      | 799 ||| UPGRADING to +6 ring of strength.
   800 | D:1      | 800 ||| READING scroll labelled FOEMOGHU XYATT.
   801 | D:1      | 801 ||| READING scroll labelled NIQOPL YVAA.
   802 | D:1      | 802 ||| READING 2 scrolls labelled NODIXZO YVEANG.
   803 | D:1      | 803 ||| DROPPING scroll of amnesia.
   836 | D:2      | 836 ||| STAIRDANCE
   930 | D:2      | 930 ||| Stepping ~*~*~tactically~*~*~ (stealth).
   932 | D:2      | 932 ||| Stepping ~*~*~tactically~*~*~ (stealth).
   986 | D:2      | Reached XP level 4. HP: 28/28 MP: 4/4
  1030 | D:2      | Found a faded altar of an unknown god.
  1031 | D:2      | 1031 ||| DROPPING +0 club.
  1216 | D:2      | 1216 ||| Stepping ~*~*~tactically~*~*~ (stealth).
  1267 | D:2      | Reached skill level 4 in Axes
  1490 | D:2      | 1490 ||| READING scroll labelled YKOUTUIGIS.
  1576 | D:3      | 1576 ||| Stepping ~*~*~tactically~*~*~ (hiding).
  1585 | D:3      | 1585 ||| Stepping ~*~*~tactically~*~*~ (stealth).
  1635 | D:3      | Reached XP level 5. HP: 26/32 MP: 5/5
  1635 | D:3      | 1635 ||| Stepping ~*~*~tactically~*~*~ (hiding).
  1685 | D:3      | Found a blossoming altar of Fedhas.
  1685 | D:3      | Found a hazy altar of Hepliaklqana.
  1687 | D:3      | Found a bloodstained altar of Trog.
  1926 | D:3      | Found a glowing silver altar of Zin.
  1926 | D:3      | Noticed an angel
  1995 | D:3      | Found a snail-covered altar of Cheibriados.
  2009 | D:3      | 2009 ||| UPGRADING to +0 chain mail.
  2019 | D:3      | 2019 ||| DROPPING +0 scale mail.
  2020 | D:3      | 2020 ||| READING scroll labelled ZEFUTI MAEZURU.
  2021 | D:3      | 2021 ||| READING scroll labelled ELEXAM ALEU.
  2022 | D:3      | 2022 ||| READING scroll labelled FYISSIC VARRO.
  2023 | D:3      | 2023 ||| DRINKING 2 murky pink potions.
  2024 | D:3      | 2024 ||| DRINKING 2 ruby potions.
  2025 | D:3      | 2025 ||| DROPPING potion of degeneration.
  2026 | D:3      | 2026 ||| DROPPING potion of brilliance.
  2058 | D:4      | Noticed an ogre
  2066 | D:4      | 2066 ||| STAIRDANCE
  2068 | D:3      | Mangled by an ogre

Levels and vault maps discovered:
D:1:      nagdon_arrival_zigzag_paths, layout_basic
D:2:      layout_basic, chequers_ecumenical_altar_twisty, bh_walls_and_bars
D:3:      layout_rooms, mainiacjoe_overflow_alcove_1, zin_angel,
          grunt_temple_overflow_open
D:4:      minmay_polygon_palace, layout_basic, nicolae_sif_muna_condensation,
          uniq_menkaure

Skill      XL: |  1  2  3  4 |
---------------+-------------+-----
Axes           | 2 3 4 |  4.9
Fighting       | |  3.2
Armour         | |  3.2
Shields        | |  3.2

Action                     |  1- 3 |  4- 6 || total
---------------------------+-------+-------++-------
  Melee: War axe           |   143 |   103 ||   246
    Use: Scroll            |     3 |     4 ||     7
         Potion            |       |     2 ||     2
 Armour: Scale mail        |    75 |    41 ||   116
  Dodge: Dodged            |    78 |    50 ||   128
  Block: Buckler           |    24 |    12 ||    36

Table legend:
 A = Non-vault XP
 B = Vault XP
 C = Vault XP percentage of total XP
 D = Non-vault monster count
 E = Vault monster count
 F = Vault count percentage of total count
                 A         B        C        D         E       F
            +---------+---------+-------+---------+---------+-------
      Total |     220 |       0 |   0.0 |      77 |       0 |   0.0
            +---------+---------+-------+---------+---------+-------
        D:1 |      64 |       0 |   0.0 |      32 |       0 |   0.0
        D:2 |      49 |       0 |   0.0 |      23 |       0 |   0.0
        D:3 |     105 |       0 |   0.0 |      21 |       0 |   0.0
        D:4 |       2 |       0 |   0.0 |       1 |       0 |   0.0
            +---------+---------+-------+---------+---------+-------
